 Dungeon Crawl Stone Soup version 0.28.0-53-g5a82cb258f (webtiles) character file.

Game seed: 14796680855087863171

545 Brecoman the Grave Robber (level 7, -5/54 HPs)
             Began as a Mummy Necromancer on Aug 14, 2022.
             Was an Initiate of Ru.
             Slain by a killer bee (6 damage)
             ... on level 5 of the Dungeon.
             The game lasted 00:12:08 (4497 turns).

Brecoman the Grave Robber (Mummy Necromancer)       Turns: 4497, Time: 00:12:09

Health: -5/54      AC: 11    Str: 12    XL:     7   Next: 6%
Magic:  15/15      EV: 10    Int: 16    God:    Ru [......]
Gold:   104        SH:  0    Dex: 12    Spells: 12/17 levels left

rFire   x . .      SeeInvis .   g - +0 short sword (venom)
rCold   + . .      Faith    .   (no shield)
rNeg    + + +      Spirit   .   q - +1 ring mail {Will+}
rPois   ∞          Reflect  .   (no helmet)
rElec   .          Harm     .   r - +1 cloak
rCorr   .          Rampage  .   k - +2 pair of gloves
Will    +....                   (no boots)
Stlth   +.........              (no amulet)
HPRegen 0.18/turn               (no ring)
MPRegen 0.14/turn               (no ring)

@: no status effects
A: cold resistance 1, negative energy resistance 3, torment resistance 2, heat
vulnerability 1, no potions
a: Renounce Religion


You were on level 5 of the Dungeon.
You worshipped Ru.
Ru was noncommittal.
You visited 1 branch of the dungeon, and saw 5 of its levels.

You collected 104 gold pieces.

Inventory:

Hand Weapons
 g - a +0 short sword of venom (weapon)
Missiles
 h - 84 stones
Armour
 a - a +0 robe
 k - a +2 pair of gloves (worn)
 q - a +1 ring mail of willpower (worn)
 r - a +1 cloak (worn)
Magical Staves
 n - a staff of poison
Jewellery
 d - a ring of resist corrosion
Wands
 o - a wand of polymorph (12)
 s - a wand of iceblast (11)
Scrolls
 b - 3 scrolls of vulnerability {unknown}
 c - 2 scrolls of blinking {unknown}
 e - 3 scrolls of identify {unknown}
 f - a scroll of silence {unknown}
 i - a scroll of enchant armour {unknown}
 j - a scroll of magic mapping {unknown}
 l - a scroll of brand weapon {unknown}
 m - 2 scrolls of fear {unknown}
 p - a scroll of teleportation {unknown}


   Skills:
 + Level 4.1 Fighting
 - Level 1.5 Dodging
 - Level 1.5 Stealth
 + Level 5.7 Spellcasting
 + Level 5.9 Necromancy


You had 12 spell levels left.
You knew the following spells:

 Your Spells              Type           Power      Damage    Failure   Level
a - Pain                  Necr           92%        1d8       2%          1
b - Animate Skeleton      Necr           46%        N/A       2%          1
c - Vampiric Draining     Necr           23%        2d7       9%          3

Your spell library contained the following spells:

 Spells                   Type           Power      Damage    Failure   Level
 Animate Dead             Necr           11%        N/A       28%         4
 Agony                    Necr           23%        N/A       61%         5
 Chain Lightning          Conj/Air       2%         3d2       100%        9
 Fire Storm               Conj/Fire      2%         8d1       100%        9
 Shatter                  Erth           2%         3d6*      100%        9


Dungeon Overview and Level Annotations

Branches:
Dungeon (5/15)             Temple (0/1) D:5

Altars:
Hepliaklqana
Ru
Xom

Shops:
D:4 (


Innate Abilities, Weirdness & Mutations

You are immune to poison.
Your flesh is cold resistant. (rC+)
You are immune to negative energy. (rN+++)
You are immune to unholy pain and torment.
You are vulnerable to heat. (rF-)
You do not drink.


Message History

You kill the scorpion!
The killer bee closely misses you. The killer bee stings you.
An adder zombie comes into view.
Your Fighting skill increases to level 4!
You miss the killer bee.
The killer bee is lightly wounded.
The killer bee stings you but does no damage.
The killer bee misses you.
An ogre comes into view. It is wielding a +0 giant club.
The killer bee closely misses you.
The ogre shouts!
You hit the killer bee.
The killer bee looks as sick as possible!
The killer bee is moderately wounded.
The killer bee stings you.
You miss the killer bee.
You kill the killer bee!
The killer bee stings you.
You have reached level 7!
You miss the killer bee.
The killer bee stings you but does no damage.
The killer bee closely misses you.
You miss the killer bee. The killer bee closely misses you.
The killer bee stings you but does no damage.
The killer bee stings you.
You miss the killer bee. The killer bee barely misses you.
The killer bee stings you!
You barely miss the killer bee. The killer bee stings you.
The killer bee closely misses you.
You hit the killer bee but do no damage.
The killer bee is poisoned.
The killer bee misses you.
The killer bee stings you but does no damage.
The ogre hits you with a +0 giant club!!
* * * LOW HITPOINT WARNING * * *
The killer bee closely misses you.
The killer bee stings you but does no damage.
The adder zombie barely misses you. The killer bee barely misses you.
The killer bee stings you.
You die...

#############
#...........#
#########.#########.#
#.......@..# #.#
#.$.....yZ.# #.#
##......O...+ #.#####
#...........# #......
#.....†.....# #######
#.............. ...
#...........#... ###
##..........#.._
#..........# .. ####


You could see an ogre, a killer bee (very poisoned) and an adder zombie.

Vanquished Creatures
  A centaur (D:5)
  2 scorpions
  A killer bee (D:5)
  2 jellies
  3 hounds
  A hound skeleton (D:4)
  A howler monkey skeleton (D:5)
  5 adders
  An adder skeleton (D:4)
  A worm (D:2)
  A dart slug (D:2)
  2 orcs (D:4)
  5 ball pythons
  6 endoplasms
  3 giant cockroaches
  5 hobgoblins
  3 jackals (D:1)
  4 quokkas
  4 bats
  3 frilled lizards (D:1)
  4 goblins
  8 kobolds
  7 rats
  A spectral kobold (D:4)
74 creatures vanquished.

Vanquished Creatures (collateral kills)
  2 ball pythons (D:1)
  An endoplasm (D:1)
  A jackal (D:1)
4 creatures vanquished.

Grand Total: 78 creatures vanquished

Notes
Turn   | Place    | Note
-------+----------+-------------------------------------------
     0 | D:1      | Brecoman the Mummy Necromancer began the quest for the Orb.
     0 | D:1      | Reached XP level 1. HP: 13/13 MP: 4/4
    65 | D:1      | Learned a level 1 spell: Animate Skeleton
   101 | D:1      | Reached XP level 2. HP: 15/20 MP: 0/6
   273 | D:1      | Reached skill level 1 in Fighting
   790 | D:1      | Reached XP level 3. HP: 26/26 MP: 1/7
   929 | D:1      | Found a faded altar of an unknown god.
  2010 | D:3      | Learned a level 3 spell: Vampiric Draining
  2181 | D:3      | Reached XP level 4. HP: 33/33 MP: 4/9
  2887 | D:4      | Reached XP level 5. HP: 31/39 MP: 11/11
  3202 | D:4      | Found Jereatee's Weapon Shoppe.
  3218 | D:4      | Found a hazy altar of Hepliaklqana.
  3328 | D:4      | Found a sacrificial altar of Ru.
  3367 | D:4      | Reached skill level 5 in Necromancy
  3368 | D:4      | Became a worshipper of Ru the Awakened
  3540 | D:4      | Noticed a phantom
  3886 | D:5      | Entered Level 5 of the Dungeon
  3918 | D:5      | Reached XP level 6. HP: 20/47 MP: 10/13
  4143 | D:5      | Reached skill level 5 in Spellcasting
  4197 | D:5      | Found a staircase to the Ecumenical Temple.
  4481 | D:5      | Found a shimmering altar of Xom.
  4490 | D:5      | Reached XP level 7. HP: 38/54 MP: 15/15
  4494 | D:5      | HP: 1/54 [ogre/+0 giant club (24)]
  4497 | D:5      | Slain by a killer bee

Illustrated notes

Levels and vault maps discovered:
D:1:      dpeg_arrival_erosion, layout_basic,
          dreamdust_ecumenical_altar_hidden_monk_grotto, minmay_small_reverse_x
D:2:      layout_basic
D:3:      layout_basic
D:4:      layout_cave_pods, nicolae_ru_awakened_eye,
          nicolae_hepliaklqana_monster_ancestors, grunt_ministairs_15,
          skrybe_limestone_x, hangedman_abyss_or_decor_stabs,
          nicolae_stop_n_shop_2, st_stairs_1, minmay_misc_feat_iff,
          palyth_stone_intersect
D:5:      corexii_shack_village, layout_basic,
          mainiacjoe_overflow_small_starburst, brannock_xom_greatest_gift,
          minmay_temple_entry_waves, roderic_roman_lattice

Skill      XL: |  1  2  3  4  5  6 |
---------------+-------------------+-----
Spellcasting   | 3 4 5 |  5.7
Fighting       | 1 2 3 4 |  4.1
Necromancy     | 5 |  5.9
Dodging        | |  1.5
Stealth        | |  1.5

Action                   |  1- 3 |  4- 6 |  7- 9 || total
-------------------------+-------+-------+-------++-------
Melee: Unarmed           |    16 |       |       ||    16
       Short sword       |    31 |   114 |     5 ||   150
       Punch             |       |     3 |       ||     3
 Cast: Pain              |    65 |    26 |       ||    91
       Animate Skeleton  |    20 |     4 |       ||    24
 Stab: Sleeping          |     1 |     3 |       ||     4
Armor: Robe              |    14 |    20 |       ||    34
       Ring mail         |       |    34 |     4 ||    38
Dodge: Dodged            |    43 |    71 |     8 ||   122
